[Event "Titled Tuesday Blitz August 23 Early 2022"]
[White "Alekseenko, Kirill"]
[Black "Yedidia, Daniel"]
[WhiteFideId "4135539"]
[BlackFideId "30905907"]
[WhiteElo "2682"]
[BlackElo "2526"]
[Result "1-0"]
[Round "01"]
[TimeControl "180+1"]
[Date "2022.08.23"]
[WhiteClock "0:00:10"]
[BlackClock "0:00:05"]

1. f4 Nf6 2. Nf3 g6 3. b3 Bg7 4. Bb2 O-O 5. e3 c5 6. Be2 Nc6 7. O-O b6 8. Qc1 Bb7 9. d3 d5 10. Ne5 d4 11. Nxc6 Bxc6 12. e4 Nd7 13. f5 Ne5 14. Qf4 Rc8 15. Nd2 Qc7 16. Nf3 Nxf3+ 17. Qxf3 b5 18. Bc1 Qb7 19. Qh3 c4 20. Bh6 cxd3 21. cxd3 Bd7 22. Bg4 Bxh6 23. Qxh6 Rc6 24. Qh4 Qc7 25. Rae1 e5 26. f6 Bxg4 27. Qxg4 Rd8 28. Qg5 Rdd6 29. h3 Qd8 30. Qxe5 Rxf6 31. Qxb5 Rxf1+ 32. Rxf1 Rc3 33. Qb7 Rc7 34. Qb5 Qe7 35. a4 Rc2 36. Qd5 Kg7 37. Qxd4+ Kg8 38. Rf2 Rc1+ 39. Kh2 Qc7+ 40. e5 Re1 41. Qd6 Qc1 42. Qd8+ Kg7 43. Qf6+ Kh6 44. Qf4+ Qxf4+ 45. Rxf4 Rxe5 46. Rxf7 Rd5 47. Rxa7 Rxd3 48. Rb7 1-0


[Site "https://www.chess.com"]

[Event "Titled Tuesday Blitz August 23 Early 2022"]
[White "Andreikin, Dmitry"]
[Black "Baches Garcia, Guillermo"]
[WhiteFideId "4158814"]
[BlackFideId "2209764"]
[WhiteElo "2736"]
[BlackElo "2550"]
[Result "1-0"]
[Round "01"]
[TimeControl "180+1"]
[Date "2022.08.23"]
[WhiteClock "0:01:05"]
[BlackClock "0:00:03"]

1. Nf3 Nf6 2. c4 e6 3. d4 d5 4. e3 c5 5. cxd5 exd5 6. Bb5+ Bd7 7. Bxd7+ Nbxd7 8. dxc5 Bxc5 9. O-O O-O 10. b3 Re8 11. Bb2 Rc8 12. Nc3 Nb6 13. Rc1 Qe7 14. Ne2 Ne4 15. Nfd4 Qg5 16. Ng3 Bd6 17. Rxc8 Rxc8 18. Ndf5 Bf8 19. Qd4 Rc2 20. h4 Nxg3 21. hxg5 Ne2+ 22. Kh2 Nxd4 23. Bxd4 Rxa2 24. f4 Rc2 25. Ra1 Nc8 26. Ra5 g6 27. Nh6+ Bxh6 28. gxh6 Kf8 29. Rxd5 Ke7 30. Re5+ Kd7 31. Rd5+ Ke7 32. Bc5+ Ke8 33. e4 f6 34. Bd4 Ke7 35. f5 g5 36. Bc5+ Ke8 37. e5 fxe5 38. Rxe5+ Kf7 39. Rd5 Nb6 40. Bxb6 axb6 41. Rd7+ Kf6 42. Rxh7 Kxf5 43. Rxb7 Rc8 44. Rxb6 Rh8 45. Kg3 1-0


[Site "https://www.chess.com"]

[Event "Titled Tuesday Blitz August 23 Early 2022"]
[White "Avramidou, Anastasia"]
[Black "Grandelius, Nils"]
[WhiteFideId "4239873"]
[BlackFideId "1710400"]
[WhiteElo "2183"]
[BlackElo "2617"]
[Result "0-1"]
[Round "01"]
[TimeControl "180+1"]
[Date "2022.08.23"]
[WhiteClock "0:00:20"]
[BlackClock "0:00:34"]

1. d4 Nf6 2. c4 e6 3. Nc3 Bb4 4. e3 c5 5. Bd3 d5 6. cxd5 cxd4 7. exd4 Nxd5 8. Ne2 O-O 9. O-O Nc6 10. a3 Be7 11. Nxd5 Qxd5 12. Be3 Bf6 13. Nc3 Qd8 14. d5 exd5 15. Nxd5 Bxb2 16. Rb1 Be5 17. f4 Be6 18. Be4 Bxd5 19. Qxd5 Bd4 20. Bxd4 Nxd4 21. Qxd8 Raxd8 22. Rxb7 Rfe8 23. Bf3 a5 24. h3 Re3 25. a4 g6 26. Bg4 h5 27. Bd1 Nf5 28. Bf3 Rd4 29. Ra7 Rxa4 30. Bd5 Nh6 31. f5 gxf5 32. Rc1 Rd4 33. Rxa5 Re5 34. Bxf7+ Nxf7 0-1


[Site "https://www.chess.com"]

[Event "Titled Tuesday Blitz August 23 Early 2022"]
[White "Bilan, Danila"]
[Black "Sarana, Alexey"]
[WhiteFideId "24161918"]
[BlackFideId "24133795"]
[WhiteElo "2164"]
[BlackElo "2666"]
[Result "0-1"]
[Round "01"]
[TimeControl "180+1"]
[Date "2022.08.23"]
[WhiteClock "0:00:02"]
[BlackClock "0:01:01"]

1. d4 Nf6 2. Nf3 d5 3. c4 e6 4. Nc3 Nbd7 5. cxd5 exd5 6. Bg5 h6 7. Bh4 c6 8. e3 g5 9. Bg3 Nh5 10. Be5 Nhf6 11. Bd3 Nxe5 12. Nxe5 Be6 13. Qc2 Nd7 14. Nf3 Bd6 15. O-O-O Qb6 16. Kb1 O-O-O 17. Bf5 Kb8 18. Na4 Qa5 19. Nc3 Nf6 20. Nd2 Qc7 21. h3 Qd7 22. Bd3 Nh5 23. Nb3 f5 24. Na4 b6 25. Rc1 Rc8 26. Qe2 Nf6 27. Nc3 Ne4 28. Rc2 Rhe8 29. Rhc1 Bf7 30. Ba6 Rc7 31. Nxe4 fxe4 32. a4 Rf8 33. Qe1 Be8 34. Be2 a5 35. Bg4 Qe7 36. Be2 Bb4 37. Qg1 Qd6 38. Bd1 h5 39. Be2 Qe6 40. Bf1 Rcf7 0-1


[Site "https://www.chess.com"]

[Event "Titled Tuesday Blitz August 23 Early 2022"]
[White "Chigaev, Maksim"]
[Black "Szalay, Karoly"]
[WhiteFideId "4108116"]
[BlackFideId "2600544"]
[WhiteElo "2487"]
[BlackElo "2529"]
[Result "1-0"]
[Round "01"]
[TimeControl "180+1"]
[Date "2022.08.23"]
[WhiteClock "0:00:09"]
[BlackClock "0:00:20"]

1. Nf3 d5 2. c4 e6 3. g3 Nf6 4. Bg2 Be7 5. O-O O-O 6. b3 b6 7. Bb2 Bb7 8. e3 a5 9. Nc3 Na6 10. d4 Ne4 11. cxd5 exd5 12. Rc1 Rc8 13. Ne5 Nxc3 14. Bxc3 Ba3 15. Rc2 Nb4 16. Bxb4 Bxb4 17. Nc6 Bxc6 18. Rxc6 Qd7 19. Rc2 a4 20. bxa4 Ra8 21. h4 Ra5 22. Qb1 Bd6 23. Qb3 Qe6 24. Rfc1 g6 25. Bf3 Rfa8 26. Kg2 Kg7 27. h5 g5 28. g4 R8a7 29. Qd3 Rxa4 30. h6+ Qxh6 31. Rh1 Qg6 32. Qxg6+ hxg6 33. Bxd5 Ra3 34. Rd1 c5 35. Bb3 Be7 36. dxc5 Bxc5 37. Rd5 Kf6 38. Rcd2 R3a5 39. Rd7 Be7 40. R7d4 Rc7 41. Rd1 Rac5 42. Rh1 Kg7 43. Rh3 Bf6 44. Rd1 Rc1 45. Rd6 R1c6 46. Rd3 Rc1 47. Rf3 Rb1 48. Rd6 Be5 49. Rxb6 Rb2 50. Rb5 f6 51. Rh3 Rcc2 52. Rb7+ Bc7 53. Bxc2 Rxb7 54. Bb3 Be5 55. Rh1 Bd6 56. Kf3 Bb4 57. Rd1 Rc7 58. Rd5 Bc3 59. Rb5 Be5 60. a4 Kf8 61. a5 Ra7 62. Bc4 Ke7 63. a6 Bc7 64. Rb1 f5 65. Rh1 Kf6 66. Rh7 Bb6 67. Rh1 Ke5 68. Rb1 Bc5 69. Rb5 Kd6 70. Rb3 Kc6 71. Rd3 Rh7 72. Rd1 Rh3+ 73. Kg2 Rh7 74. Bd5+ Kb6 75. Bc4 Kc6 76. Rb1 Bb6 77. Be2 f4 78. Bf3+ Kc7 79. a7 Bxa7 80. Rb7+ Kd6 81. Rxh7 Bc5 82. exf4 gxf4 83. Rg7 Ke5 84. Rxg6 Bxf2 85. Kxf2 Kd4 86. Re6 1-0


[Site "https://www.chess.com"]

[Event "Titled Tuesday Blitz August 23 Early 2022"]
[White "Chyzy, Jakub"]
[Black "Puranik, Abhimanyu"]
[WhiteFideId "21806209"]
[BlackFideId "5061245"]
[WhiteElo "2023"]
[BlackElo "2520"]
[Result "0-1"]
[Round "01"]
[TimeControl "180+1"]
[Date "2022.08.23"]
[WhiteClock "0:00:36"]
[BlackClock "0:01:45"]

1. b3 d5 2. Bb2 Nf6 3. e3 Bf5 4. f4 e6 5. Nf3 Be7 6. Be2 c5 7. Bb5+ Nbd7 8. O-O O-O 9. d3 h6 10. Nbd2 Nb6 11. d4 Rc8 12. Bd3 c4 13. bxc4 dxc4 14. Bxf5 exf5 15. c3 Nbd5 16. Qe2 b5 17. a4 a6 18. axb5 axb5 19. g3 Re8 20. Ne5 Qb6 21. Kh1 Bf8 22. Rfb1 Qb7 23. Ndf3 Ng4 24. h3 Ngxe3 25. Ba3 Bxa3 26. Rxa3 f6 27. Nxc4 Nxc4 28. Qxc4 Rxc4 0-1


[Site "https://www.chess.com"]

[Event "Titled Tuesday Blitz August 23 Early 2022"]
[White "Deac, Bogdan-Daniel"]
[Black "Khater, Sherif"]
[WhiteFideId "1226380"]
[BlackFideId "2034280"]
[WhiteElo "2648"]
[BlackElo "2546"]
[Result "1-0"]
[Round "01"]
[TimeControl "180+1"]
[Date "2022.08.23"]
[WhiteClock "0:01:13"]
[BlackClock "0:01:41"]

1. Nf3 g6 2. d4 Bg7 3. g3 d6 4. Bg2 Nf6 5. b3 O-O 6. Bb2 Ne4 7. O-O Nd7 8. c4 c6 9. Qc2 d5 10. Nbd2 Nxd2 11. Nxd2 Nf6 12. f3 dxc4 13. bxc4 Nd7 14. f4 c5 15. d5 Bxb2 16. Qxb2 Qb6 17. Qc2 Qc7 18. e4 e5 19. dxe6 fxe6 20. e5 Rb8 21. a4 b6 22. Ne4 Bb7 23. Ng5 Rbe8 24. Rad1 Bxg2 25. Qxg2 Nb8 26. Rd6 Qe7 27. Rxe6 Qd7 28. Rd6 Qxa4 29. Qd5+ Kh8 30. Qb7 1-0


[Site "https://www.chess.com"]

[Event "Titled Tuesday Blitz August 23 Early 2022"]
[White "Di Nicolantonio, Lucas"]
[Black "Mamedyarov, Shakhriyar"]
[WhiteFideId "680460"]
[BlackFideId "13401319"]
[WhiteElo "2381"]
[BlackElo "2710"]
[Result "1-0"]
[Round "01"]
[TimeControl "180+1"]
[Date "2022.08.23"]
[WhiteClock "0:00:14"]
[BlackClock "0:00:25"]

1. e4 c5 2. Nf3 e6 3. c3 Nf6 4. e5 Nd5 5. Bc4 d6 6. d4 Nc6 7. O-O cxd4 8. cxd4 Nb6 9. Bb3 Be7 10. Qe2 O-O 11. Nc3 a5 12. a3 Bd7 13. Bf4 d5 14. Rad1 a4 15. Bc2 Na5 16. h4 Rc8 17. Ng5 g6 18. Nxh7 Nac4 19. Nxf8 Qxf8 20. h5 Nxb2 21. Rb1 N2c4 22. hxg6 fxg6 23. Qg4 Qg7 24. Bxg6 Rc6 25. Qh5 Bf8 26. Bg5 Rc8 27. Bf6 Qh6 28. Bf7+ Kh7 29. Bg6+ Kg8 30. Qg4 Bg7 31. Ne2 Rf8 32. Nf4 Bxf6 33. exf6 e5 34. Bf5+ Kf7 35. Bxd7 Qxf4 36. Qg7# 1-0


[Site "https://www.chess.com"]

[Event "Titled Tuesday Blitz August 23 Early 2022"]
[White "Drygalov, Andrey"]
[Black "Ronka, Erik"]
[WhiteFideId "24171735"]
[BlackFideId "505080"]
[WhiteElo "2531"]
[BlackElo "2264"]
[Result "1-0"]
[Round "01"]
[TimeControl "180+1"]
[Date "2022.08.23"]
[WhiteClock "0:01:22"]
[BlackClock "0:00:52"]

1. e4 c5 2. Nf3 e6 3. d4 cxd4 4. Nxd4 Nf6 5. Nc3 d6 6. g4 h6 7. Rg1 Nc6 8. h4 d5 9. exd5 Nxd5 10. Bb5 Bd7 11. Nxd5 exd5 12. Be3 Be7 13. g5 hxg5 14. hxg5 Rh4 15. Bxc6 bxc6 16. g6 c5 17. gxf7+ Kf8 18. Nf3 Re4 19. Qxd5 Rxe3+ 20. fxe3 Bh4+ 21. Nxh4 Qxh4+ 22. Kd1 Rd8 23. Kc1 Qf2 24. Qxc5+ Kxf7 25. Qc4+ Ke7 1-0


[Site "https://www.chess.com"]

[Event "Titled Tuesday Blitz August 23 Early 2022"]
[White "Drygalov, Sergey"]
[Black "Przybylski, Wojciech"]
[WhiteFideId "24171743"]
[BlackFideId "1117599"]
[WhiteElo "2523"]
[BlackElo "2133"]
[Result "1-0"]
[Round "01"]
[TimeControl "180+1"]
[Date "2022.08.23"]
[WhiteClock "0:02:12"]
[BlackClock "0:00:02"]

1. d4 Nf6 2. c4 e6 3. Nf3 d5 4. Nc3 c6 5. Bg5 h6 6. Bh4 dxc4 7. e4 g5 8. Bg3 b5 9. Be2 Bb7 10. O-O Nbd7 11. Ne5 h5 12. h3 b4 13. Nxd7 Qxd7 14. Be5 Rh6 15. Na4 Nxe4 16. Bxc4 c5 17. Qe2 a6 18. Nb6 Qc6 19. Nxa8 Bxa8 20. f3 Nd6 21. Rac1 Nxc4 22. Rxc4 f6 23. Bg3 Kf7 24. Rfc1 h4 25. Bh2 Be7 26. dxc5 Rh8 27. Qd3 Qd5 28. Qc2 1-0


[Site "https://www.chess.com"]

[Event "Titled Tuesday Blitz August 23 Early 2022"]
[White "Estrada Nieto, Julian"]
[Black "Xu, Yi"]
[WhiteFideId "5101018"]
[BlackFideId "8605564"]
[WhiteElo "2252"]
[BlackElo "2471"]
[Result "0-1"]
[Round "01"]
[TimeControl "180+1"]
[Date "2022.08.23"]
[WhiteClock "0:00:02"]
[BlackClock "0:00:17"]

1. e4 c5 2. Nf3 d6 3. d4 cxd4 4. Qxd4 Nc6 5. Bb5 Bd7 6. Bxc6 Bxc6 7. Nc3 Nf6 8. Bg5 e6 9. O-O-O Be7 10. Rhe1 Qa5 11. Kb1 O-O 12. Qd2 Qc7 13. Nd4 a6 14. f3 b5 15. g4 b4 16. Nce2 a5 17. Ng3 Rfc8 18. Nh5 Nxh5 19. gxh5 Be8 20. Rg1 Kh8 21. Qg2 Bxg5 22. Qxg5 f6 23. Qh4 e5 24. h6 g5 25. Qf2 Qc5 26. h4 exd4 0-1


[Site "https://www.chess.com"]

[Event "Titled Tuesday Blitz August 23 Early 2022"]
[White "Goldin, Alexander"]
[Black "Bluebaum, Matthias"]
[WhiteFideId "2019540"]
[BlackFideId "24651516"]
[WhiteElo "2538"]
[BlackElo "2603"]
[Result "0-1"]
[Round "01"]
[TimeControl "180+1"]
[Date "2022.08.23"]
[WhiteClock "0:00:20"]
[BlackClock "0:01:09"]

1. d4 Nf6 2. Nf3 d5 3. c4 e6 4. Nc3 Bb4 5. cxd5 exd5 6. Bg5 h6 7. Bxf6 Qxf6 8. Qa4+ Nc6 9. e3 O-O 10. Be2 Be6 11. O-O a6 12. Rac1 Bd6 13. Qc2 Rae8 14. a3 g5 15. Nd2 g4 16. Bd3 h5 17. Ne2 h4 18. g3 Ne7 19. Nf4 Bxf4 20. exf4 c6 21. Nb3 Bf5 22. Rfe1 Bxd3 23. Qxd3 Qg6 24. Qxg6+ fxg6 25. Re5 Nf5 26. Rce1 Rxe5 27. Rxe5 Kf7 28. Kf1 Rh8 29. Ke2 hxg3 30. hxg3 Rh2 31. Ke1 Rh1+ 32. Kd2 Rf1 33. Re2 b6 34. a4 a5 35. Kc3 Nd6 36. Nd2 Rc1+ 37. Kd3 Ra1 38. b3 Rc1 39. Re5 Kf6 40. Re2 Nf5 41. Re8 Rd1 42. Rc8 Nxd4 43. Kxd4 Rxd2+ 44. Kc3 Rxf2 45. Rxc6+ Kf5 46. Rxb6 Rf3+ 47. Kd4 Rxg3 48. Rb5 Kxf4 49. Kxd5 Rd3+ 50. Kc4 g3 51. Rb6 g2 52. Rxg6 Rg3 0-1


[Site "https://www.chess.com"]

[Event "Titled Tuesday Blitz August 23 Early 2022"]
[White "Golubev, Mikhail"]
[Black "Bryakin, Mikhail"]
[WhiteFideId "14100983"]
[BlackFideId "4165314"]
[WhiteElo "2374"]
[BlackElo "2353"]
[Result "1-0"]
[Round "01"]
[TimeControl "180+1"]
[Date "2022.08.23"]
[WhiteClock "0:00:49"]
[BlackClock "0:00:04"]

1. e4 d5 2. exd5 Qxd5 3. Nf3 Bg4 4. Be2 Nc6 5. d4 O-O-O 6. c4 Qf5 7. Be3 Bxf3 8. Bxf3 Nxd4 9. Bxd4 Qe6+ 10. Be2 Qe4 11. O-O Rxd4 12. Qa4 Qxe2 13. Qxa7 Qxb2 14. Na3 e5 15. Qa8+ Kd7 16. Qxf8 Ne7 17. Qxh8 Qxa3 18. Qxg7 Qd6 19. Qxf7 h6 20. g3 b6 21. a4 Qc5 22. Rfd1 Kc8 23. Qe6+ Kb7 24. Qxh6 Qxc4 25. Rdc1 Qd5 26. a5 b5 27. a6+ Ka7 28. Rxc7+ Kb8 29. Qb6+ 1-0


[Site "https://www.chess.com"]

[Event "Titled Tuesday Blitz August 23 Early 2022"]
[White "Hebden, Mark L"]
[Black "Le, Tuan Minh"]
[WhiteFideId "400084"]
[BlackFideId "12401153"]
[WhiteElo "2457"]
[BlackElo "2530"]
[Result "0-1"]
[Round "01"]
[TimeControl "180+1"]
[Date "2022.08.23"]
[WhiteClock "0:00:03"]
[BlackClock "0:00:14"]

1. d4 d5 2. Nf3 Nf6 3. c4 c6 4. e3 Bf5 5. cxd5 cxd5 6. Qb3 Qc8 7. Bd2 e6 8. Bb5+ Nc6 9. O-O Bd6 10. Bb4 Qd7 11. Rc1 Rc8 12. Ne5 Bxe5 13. dxe5 Ng4 14. Bd6 f6 15. Bxc6 Rxc6 16. Rxc6 Qxc6 17. Nc3 Nxe5 18. Bxe5 fxe5 19. Qa3 Kf7 20. Qxa7 Rd8 21. Rd1 Kg8 22. h3 h6 23. e4 Bg6 24. exd5 exd5 25. Qa5 b6 26. Qb5 Qxb5 27. Nxb5 d4 28. f3 Rc8 29. Rd2 Rc5 30. Nd6 Kf8 31. b3 b5 32. f4 Ke7 33. fxe5 d3 34. Nb7 Rc2 35. Rd1 b4 36. Kf1 Ke6 37. Nd6 Kxe5 38. Nc4+ Kd4 39. Nd2 Rxa2 40. Nf3+ Kc3 41. Re1 d2 42. Re3+ Bd3+ 0-1


[Site "https://www.chess.com"]

[Event "Titled Tuesday Blitz August 23 Early 2022"]
[White "Janik, Igor"]
[Black "Manukyan, Sargis A."]
[WhiteFideId "1159259"]
[BlackFideId "13303970"]
[WhiteElo "2456"]
[BlackElo "2187"]
[Result "1-0"]
[Round "01"]
[TimeControl "180+1"]
[Date "2022.08.23"]
[WhiteClock "0:01:55"]
[BlackClock "0:00:44"]

1. e4 e6 2. Qe2 c5 3. Nf3 Nc6 4. g3 e5 5. Bg2 d6 6. O-O Be7 7. c3 Nf6 8. Rd1 O-O 9. h3 Qc7 10. Na3 a6 11. Nc2 b5 12. d4 Rb8 13. a4 Na5 14. axb5 axb5 15. Ne3 Nb3 16. Rb1 Nxc1 17. Rbxc1 Nxe4 18. Nd5 Qd7 19. Qxe4 cxd4 20. cxd4 f5 21. Qe2 e4 22. Rc7 exf3 23. Bxf3 Bd8 24. Rxd7 Bxd7 25. Nf4 b4 26. Bd5+ Kh8 27. Qh5 Rf6 28. Re1 Bb6 29. Re7 Bb5 30. Qg5 1-0


[Site "https://www.chess.com"]

[Event "Titled Tuesday Blitz August 23 Early 2022"]
[White "Jian, Alex"]
[Black "Nakamura, Hikaru"]
[WhiteFideId "30901022"]
[BlackFideId "2016192"]
[WhiteElo "2095"]
[BlackElo "2850"]
[Result "0-1"]
[Round "01"]
[TimeControl "180+1"]
[Date "2022.08.23"]
[WhiteClock "0:00:02"]
[BlackClock "0:00:46"]

1. d4 g6 2. Nf3 Bg7 3. c4 d6 4. Nc3 Nd7 5. e4 e5 6. Be2 Ngf6 7. Be3 Ng4 8. Bg5 f6 9. Bh4 h5 10. h3 Nh6 11. O-O O-O 12. d5 g5 13. Bg3 f5 14. exf5 Nc5 15. b4 Na6 16. Rb1 Bxf5 17. Bd3 h4 18. Bh2 Qf6 19. Ne4 Qg6 20. Qe2 Nf7 21. c5 Nb8 22. Rbc1 Nd7 23. c6 bxc6 24. dxc6 Nb6 25. Bb1 d5 26. Nc5 e4 27. Nd2 Ne5 28. Kh1 Rae8 29. Ndb3 g4 30. hxg4 Bxg4 31. Qe1 h3 32. Nd4 hxg2+ 0-1


[Site "https://www.chess.com"]

[Event "Titled Tuesday Blitz August 23 Early 2022"]
[White "Kazancev, Valerij M"]
[Black "Jones, Gawain C B"]
[WhiteFideId "4179609"]
[BlackFideId "409561"]
[WhiteElo "2525"]
[BlackElo "2657"]
[Result "0-1"]
[Round "01"]
[TimeControl "180+1"]
[Date "2022.08.23"]
[WhiteClock "0:00:04"]
[BlackClock "0:00:05"]

1. c4 g6 2. Nc3 Bg7 3. h4 Nf6 4. g3 c6 5. Bg2 d5 6. cxd5 cxd5 7. Qb3 d4 8. Bxb7 Bxb7 9. Qxb7 Nbd7 10. Nd5 O-O 11. Nf3 Rb8 12. Nxf6+ Nxf6 13. Qxa7 d3 14. Qd4 Qxd4 15. Nxd4 Nd5 16. Nc6 Rb6 17. e4 Nf6 18. Nxe7+ Kh8 19. Nd5 Nxd5 20. exd5 Re8+ 21. Kd1 Bd4 22. Re1 Rxe1+ 23. Kxe1 Rb8 24. a4 Re8+ 25. Kf1 Re2 26. Kg1 Rxf2 27. Kh1 Kg7 28. a5 Kf6 29. a6 Ba7 30. b4 Kf5 31. b5 Kg4 32. Ra3 Kh3 33. Kg1 Rf3+ 34. b6 Bxb6+ 0-1


[Site "https://www.chess.com"]

[Event "Titled Tuesday Blitz August 23 Early 2022"]
[White "Koellner, Ruben Gideon"]
[Black "Lenderman, Aleksandr"]
[WhiteFideId "12993093"]
[BlackFideId "2021285"]
[WhiteElo "2286"]
[BlackElo "2607"]
[Result "0-1"]
[Round "01"]
[TimeControl "180+1"]
[Date "2022.08.23"]
[WhiteClock "0:00:02"]
[BlackClock "0:01:17"]

1. d4 e6 2. Nf3 c5 3. e3 b6 4. Nbd2 Bb7 5. c3 Nf6 6. Bd3 d5 7. Ne5 Bd6 8. f4 O-O 9. Qf3 Ba6 10. Bc2 b5 11. a3 b4 12. dxc5 bxc3 13. cxd6 cxd2+ 14. Bxd2 Nbd7 15. Nc6 Qb6 16. Rc1 Kh8 17. Ne5 Qxb2 18. Nxd7 Nxd7 19. Qh3 f5 20. Ba4 Rac8 21. Rxc8 Rxc8 22. Bxd7 Rc1+ 23. Kf2 Qxd2+ 24. Kg3 Qxe3+ 25. Kh4 Qxf4+ 26. Kh5 Qh6# 0-1


[Site "https://www.chess.com"]

[Event "Titled Tuesday Blitz August 23 Early 2022"]
[White "Lamaze, Simon"]
[Black "Livaic, Leon"]
[WhiteFideId "36069264"]
[BlackFideId "14531534"]
[WhiteElo "2131"]
[BlackElo "2540"]
[Result "1/2-1/2"]
[Round "01"]
[TimeControl "180+1"]
[Date "2022.08.23"]
[WhiteClock "0:00:16"]
[BlackClock "0:00:05"]

1. d4 Nf6 2. c4 e6 3. g3 c5 4. d5 exd5 5. cxd5 d6 6. Nc3 g6 7. Bg2 Bg7 8. Nf3 O-O 9. O-O Nbd7 10. Bf4 Qe7 11. Rb1 Rb8 12. b4 cxb4 13. Rxb4 Nc5 14. a4 Bg4 15. Nb5 Nfe4 16. h3 Bxf3 17. exf3 Nc3 18. Bxd6 Qxd6 19. Nxd6 Nxd1 20. Rxd1 Rfd8 21. Ne4 Bf8 22. Rc4 b6 23. a5 f5 24. Nxc5 Bxc5 25. a6 Rd7 26. f4 Re8 27. Rc2 Kf7 28. h4 h5 29. Kh2 Rd6 30. Kh3 Re7 31. f3 Re3 32. Ra2 Ke7 33. Rdd2 Rd8 34. Ra1 Kd6 35. Rad1 b5 36. Bf1 b4 37. Kg2 b3 38. Bd3 Rb8 39. g4 b2 40. gxf5 gxf5 41. Bxf5 Rf8 42. Be4 Rb8 43. Rb1 Ba3 44. f5 Ke5 45. d6 Bxd6 46. Rd5+ Kf4 47. Rxd6 Re2+ 48. Kf1 Rh2 49. Rg6 Rc8 50. Rg2 Rc1+ 51. Kf2 Rxb1 52. Bxb1 Rh1 53. Rg1 Rh2+ 54. Ke1 Ke3 55. f6 Re2+ 56. Kd1 Rd2+ 57. Ke1 Re2+ 58. Kf1 Rf2+ 59. Ke1 Re2+ 1/2-1/2


[Site "https://www.chess.com"]

[Event "Titled Tuesday Blitz August 23 Early 2022"]
[White "Lehtosaari, Mauri"]
[Black "Tristan, Leonardo"]
[WhiteFideId "501999"]
[BlackFideId "113816"]
[WhiteElo "2518"]
[BlackElo "2404"]
[Result "0-1"]
[Round "01"]
[TimeControl "180+1"]
[Date "2022.08.23"]
[WhiteClock "0:00:06"]
[BlackClock "0:00:55"]

1. Nf3 d5 2. c4 e6 3. e3 Nf6 4. Nc3 Bd6 5. b3 a6 6. Bb2 b6 7. Be2 Bb7 8. O-O O-O 9. Rc1 Nbd7 10. d3 Qe7 11. Rc2 dxc4 12. bxc4 e5 13. e4 Rfe8 14. Nd5 Qf8 15. Nh4 c6 16. Nxf6+ Nxf6 17. Nf5 Bc5 18. Qa1 Nd7 19. Kh1 g6 20. Ng3 Qe7 21. f4 f6 22. Bg4 Nf8 23. fxe5 fxe5 24. Qc1 Rad8 25. Be2 Rd6 26. Qh6 Qg7 27. Qg5 h6 28. Qc1 Red8 29. Qa1 Bd4 30. Bxd4 Rxd4 31. Rb2 b5 32. cxb5 axb5 33. Qb1 Ne6 34. Rc1 Nf4 35. Bf1 Qd7 36. Rd2 h5 37. Qb3+ Qe6 38. Rcd1 Qxb3 39. axb3 Ne6 40. Ne2 Rb4 41. Rb2 Rxe4 42. Ng3 Rb4 43. Be2 c5 44. Rc2 Rxb3 45. Rcd2 h4 46. Nf1 h3 47. Bf3 Bxf3 48. gxf3 Nf4 49. Ne3 Rbxd3 50. Ng4 Rxd2 51. Rg1 Rd1 52. Nf6+ Kf7 0-1


[Site "https://www.chess.com"]

[Event "Titled Tuesday Blitz August 23 Early 2022"]
[White "Maksimovic, Bojan"]
[Black "Turzo, Attila"]
[WhiteFideId "14408120"]
[BlackFideId "704954"]
[WhiteElo "2447"]
[BlackElo "2508"]
[Result "1-0"]
[Round "01"]
[TimeControl "180+1"]
[Date "2022.08.23"]
[WhiteClock "0:00:17"]
[BlackClock "0:00:01"]

1. e4 e5 2. Nf3 Nc6 3. Bb5 a6 4. Ba4 Nf6 5. O-O Be7 6. Re1 b5 7. Bb3 O-O 8. a4 Bb7 9. d3 d6 10. Nbd2 Nd7 11. axb5 axb5 12. Rxa8 Qxa8 13. c3 Nc5 14. Bc2 Bf6 15. Nf1 Re8 16. Ng3 g6 17. h4 b4 18. d4 exd4 19. cxd4 Nd7 20. h5 Bg7 21. h6 Bh8 22. d5 Nce5 23. Nd4 Nc4 24. Bb3 Na5 25. Ba4 Re7 26. Bg5 f6 27. Bc1 Nc5 28. Bc2 Nc4 29. Ne6 Nxe6 30. dxe6 Bc8 31. Nf5 gxf5 32. exf5 Qc6 33. Be4 Qc5 34. b3 Ne5 35. Be3 Qc3 36. Bd4 Qxe1+ 37. Qxe1 c5 38. Be3 Ng4 39. Qa1 Re8 40. Qa4 Re7 41. Qa8 1-0


[Site "https://www.chess.com"]

[Event "Titled Tuesday Blitz August 23 Early 2022"]
[White "Malyi, Viacheslav"]
[Black "Abdrlauf, Elham"]
[WhiteFideId "14123983"]
[BlackFideId "1533533"]
[WhiteElo "2190"]
[BlackElo "2430"]
[Result "0-1"]
[Round "01"]
[TimeControl "180+1"]
[Date "2022.08.23"]
[WhiteClock "0:01:32"]
[BlackClock "0:01:23"]

1. e4 c6 2. c4 d5 3. cxd5 cxd5 4. exd5 Nf6 5. Qa4+ Nbd7 6. Nc3 g6 7. Bc4 Bg7 8. d3 O-O 9. Be3 Nb6 10. Bxb6 Qxb6 11. Qb3 Qd8 12. Nf3 Bg4 13. Nd2 a6 14. a4 Nd7 15. Nde4 b5 16. axb5 axb5 17. Rxa8 Qxa8 18. Bxb5 Nc5 19. Qc2 Nxe4 20. dxe4 Bxc3+ 21. bxc3 Qa1+ 0-1


[Site "https://www.chess.com"]

[Event "Titled Tuesday Blitz August 23 Early 2022"]
[White "Martin Carmona, Gaston Manuel"]
[Black "Urazayev, Arystanbek"]
[WhiteFideId "22284567"]
[BlackFideId "13709810"]
[WhiteElo "2162"]
[BlackElo "2441"]
[Result "1-0"]
[Round "01"]
[TimeControl "180+1"]
[Date "2022.08.23"]
[WhiteClock "0:00:12"]
[BlackClock "0:00:58"]

1. d4 d5 2. c4 c6 3. Nc3 Nf6 4. Nf3 e6 5. e3 Nbd7 6. Be2 Bd6 7. b3 O-O 8. Bb2 b6 9. O-O Bb7 10. Qc2 Qe7 11. e4 dxe4 12. Nxe4 Nxe4 13. Qxe4 Rfe8 14. Bd3 Nf8 15. c5 bxc5 16. dxc5 Bxc5 17. Rac1 Bd6 18. Qg4 f6 19. Nd4 Be5 20. Nxc6 Bxc6 21. Bxe5 Bxg2 22. Rc7 Nd7 23. Qh4 g5 24. Qxh7+ Qxh7 25. Bxh7+ Kxh7 26. Rxd7+ Kg6 27. Kxg2 fxe5 28. Rc1 a5 29. Rc5 Kf6 30. Rb7 a4 31. b4 a3 32. Rcc7 Kf5 33. b5 Reb8 34. b6 Rxb7 35. Rxb7 Ra4 36. Rf7+ Ke4 37. b7 Rb4 38. Kg3 g4 39. Kxg4 Kd3+ 40. Kg5 Kc2 41. h4 Kb2 42. h5 Kxa2 43. h6 Kb1 44. h7 a2 45. Rd7 Kc2 46. Rc7+ Kb3 47. Rc1 Rc4 48. Ra1 Rb4 49. Rxa2 Rxb7 50. h8=Q Kxa2 51. Qxe5 Rb2 52. f4 Rg2+ 53. Kf6 Ka3 54. Qxe6 Kb4 55. f5 Kc5 56. Qe5+ Kb6 57. Qe6+ Kc5 58. Qe5+ Kb6 59. Qd4+ Kc7 60. Qe4 Rd2 61. Qe7+ Rd7 62. Qe6 Kd8 63. Qxd7+ Kxd7 64. Kg7 Ke8 65. f6 Kd7 66. f7 Ke6 67. f8=Q 1-0


[Site "https://www.chess.com"]

[Event "Titled Tuesday Blitz August 23 Early 2022"]
[White "Mendez Fortes, Eduardo Jesus"]
[Black "Hambleton, Aman"]
[WhiteFideId "3502376"]
[BlackFideId "2606577"]
[WhiteElo "2307"]
[BlackElo "2538"]
[Result "0-1"]
[Round "01"]
[TimeControl "180+1"]
[Date "2022.08.23"]
[WhiteClock "0:00:23"]
[BlackClock "0:00:05"]

1. e4 c5 2. Nf3 e6 3. d4 cxd4 4. Nxd4 a6 5. c4 Nf6 6. Nc3 Qc7 7. Be2 Bb4 8. Qd3 Nc6 9. O-O O-O 10. Nf3 h6 11. h3 Rd8 12. Be3 Bxc3 13. bxc3 d6 14. Rab1 Nd7 15. Rfd1 Nc5 16. Qc2 b6 17. Nd4 Bd7 18. f4 Be8 19. Bf3 Rac8 20. Qb2 Na5 21. Qb4 Ba4 22. Rd2 Be8 23. Bf2 Rb8 24. Qb2 Nxc4 25. Qc2 Nxd2 26. Qxd2 Na4 27. Be1 b5 28. Qe2 Nxc3 29. Qc2 Rbc8 30. Rb3 b4 31. Rxb4 Qc5 32. Bxc3 Qxc3 33. Qxc3 Rxc3 34. Nb3 Rc2 35. Rb6 Rxa2 36. Nd4 Ra1+ 37. Kf2 Ra4 38. Ke3 g6 39. g4 e5 40. fxe5 dxe5 41. Nc2 Bb5 42. h4 Ra2 43. Nb4 Ra3+ 44. Kf2 Rd2+ 45. Ke1 Rb2 0-1


[Site "https://www.chess.com"]